 Dungeon Crawl Stone Soup version 0.21-a0-154-gb5400c9 (webtiles) character file.

142 KarmaPolice the Sneak (level 5, -2/28 HPs)
             Began as a Vine Stalker Assassin on Aug 2, 2017.
             Slain by a gnoll
             ... wielding a +0 club
              (7 damage)
             ... on level 2 of the Dungeon.
             The game lasted 00:08:56 (2749 turns).

KarmaPolice the Sneak (Vine Stalker Assassin)       Turns: 2749, Time: 00:08:58

Health: -2/28      AC:  5    Str: 14    XL:     5   Next: 25%
Magic:  0/6        EV: 11    Int: 11    God:
Gold:   102        SH:  0    Dex: 16    Spells: 4/4 levels left

rFire    . . .     SeeInvis .   a - +2 dagger
rCold    . . .     Gourm    .   (no shield)
rNeg     . . .     Faith    .   c - +0 robe
rPois    .         Spirit   +   (no helmet)
rElec    .         Reflect  .   d - +0 cloak
rCorr    .         Harm     .   s - +0 pair of gloves
MR       .....                  m - +0 pair of boots
Stlth    +++.......             (no amulet)
HPRegen  0.49/turn              (no ring)
MPRegen  0.10/turn              (no ring)

@: no status effects
A: fangs 2, regeneration 1, magic shield, antimagic bite, no potion heal 3, rot
immunity
a: no special abilities


You were on level 2 of the Dungeon.
You were not hungry.

You visited 1 branch of the dungeon, and saw 3 of its levels.

You collected 102 gold pieces.

Inventory:

Hand Weapons
 a - a +2 dagger (weapon)
 b - a +0 blowgun
Missiles
 e - 23 poisoned needles
 f - 2 curare-tipped needles
Armour
 c - a +0 robe (worn)
 d - a +0 cloak (worn)
 m - a +0 pair of boots (worn)
 s - a +0 pair of gloves (worn)
 w - a +1 animal skin
Jewellery
 r - an uncursed ring of protection from magic {unknown}
 u - a +3 ring of dexterity {unknown}
Scrolls
 i - a scroll of remove curse {unknown}
 k - a scroll of fear {unknown}
 n - a scroll of teleportation {unknown}
 o - 8 scrolls of identify {unknown}
 q - 2 scrolls of amnesia {unknown}
 t - a scroll of fog {unknown}
Potions
 j - a potion of berserk rage {unknown}
 p - a potion of mutation {unknown}
 v - a potion of agility {unknown}
Comestibles
 g - 3 bread rations
 h - a royal jelly
 l - 4 meat rations
 x - 13 chunks of flesh


   Skills:
 + Level 3.3 Fighting
 + Level 2.8 Short Blades
 - Level 1.7 Throwing
 + Level 1.9 Armour
 - Level 0.7 Dodging
 - Level 4.8 Stealth


You had 4 spell levels left.
You didn't know any spells.

Dungeon Overview and Level Annotations

Branches:
Dungeon (3/15)

Altars:
Kikubaaqudgha
Nemelex Xobeh
Trog

Annotations:
D:2 Ijyb


Innate Abilities, Weirdness & Mutations

You have extremely sharp teeth.
Your natural rate of healing is unusually fast.
When hurt, damage is shared between your health and your magic reserves.
Your bite disrupts and absorbs the magic of your enemies.
Potions cannot restore your health.
You are immune to rotting.


Message History

It is a wand of polymorph (?/24).
The gnoll hits you with a club.
You hit the gnoll but do no damage.
The gnoll is heavily wounded.
Ijyb hits you but does no damage. The gnoll hits you with a club.
* * * LOW HITPOINT WARNING * * *
Ijyb hits you but does no damage. The gnoll hits you but does no damage.
Ijyb zaps a wand.
You resist with some effort.
Ijyb screams, "Die!"
You hit the gnoll.
The gnoll is severely wounded.
The gnoll hits you but does no damage.
Ijyb hits you with a dagger of freezing.
* * * LOW HITPOINT WARNING * * *
Ijyb freezes you.
* * * LOW HITPOINT WARNING * * *
You closely miss Ijyb. You bite Ijyb, but do no damage.
The gnoll hits you with a club!
You die...

#.....# ######..#..#.##
#. #.....# ####..#.#..#
## #.....# #......###.#
# ###.### ##.##....#..#
# #.#
########....####### #.#
###_### #.#.........
#.# #8...8#
#....)...... #)####
##.....#####.........
#....#
#8..@..8####..#####.#
####.#####.gg..##.....#
#.#
#.....##8...8#####.##
#.# #..#####.....## #.#
#.#
#..####8.(.?.8####.#
#.#
#....###.....##..#.#
#.)
#.##.###8...8###.#.#
#>.
#.....####>#####.#.#
##.# ####### #####
#....# ##..#


You could see Ijyb and a gnoll.

Vanquished Creatures
  Robin (D:2)
  3 adders (D:2)
  An ooze (D:3)
  4 worms (D:2)
  A dart slug (D:2)
  2 leopard geckos (D:1)
  5 bats
  2 giant cockroaches
  17 goblins
  10 hobgoblins
  8 jackals
  8 kobolds
  7 frilled lizards
  9 rats
78 creatures vanquished.

Notes
Turn   | Place    | Note
-------+----------+-------------------------------------------
     0 | D:1      | KarmaPolice the Vine Stalker Assassin began the quest for the Orb.
     0 | D:1      | Reached XP level 1. HP: 11/11 MP: 2/2
   210 | D:1      | Reached XP level 2. HP: 9/15 MP: 1/3
   901 | D:1      | Reached skill level 1 in Armour
   901 | D:1      | Reached XP level 3. HP: 11/18 MP: 4/4
  1838 | D:2      | Gained mutation: Your natural rate of healing is unusually fast. [Vine Stalker growth]
  1838 | D:2      | Reached XP level 4. HP: 19/23 MP: 5/5
  1908 | D:2      | Found an ancient bone altar of Kikubaaqudgha.
  2032 | D:2      | Found a sparkling altar of Nemelex Xobeh.
  2189 | D:2      | Noticed a moth of wrath
  2192 | D:2      | Found a bloodstained altar of Trog.
  2558 | D:3      | Noticed Robin
  2584 | D:2      | Killed Robin
  2584 | D:2      | Reached XP level 5. HP: 16/28 MP: 6/6
  2709 | D:3      | Noticed Ijyb
  2749 | D:2      | Slain by a gnoll

Vault maps used:
D:1:      dpeg_arrival_snail
D:2:      nicolae_overflow_hidden_temple, lemuel_round_altar, tgw_trog
D:3:      uniq_robin, uniq_ijyb

Skill      XL: |  1  2  3  4 |
---------------+-------------+-----
Short Blades   | 2 |  2.8
Fighting       | 2 3 |  3.3
Armour         | 1 |  1.9
Throwing       | |  1.7
Dodging        | |  0.7
Stealth        | |  4.8

Action                   |  1- 3 |  4- 6 || total
-------------------------+-------+-------++-------
Melee: Dagger            |   118 |   158 ||   276
       Bite              |    25 |    58 ||    83
 Stab: Sleeping          |     6 |     3 ||     9
       Distracted        |       |     1 ||     1
  Eat: Chunk             |     3 |     3 ||     6
Armor: Robe              |    30 |    49 ||    79
Dodge: Dodged            |    52 |    94 ||   146
